 Dungeon Crawl Stone Soup version 0.27.0-1-g7a089689b8 (webtiles) character file.

Game seed: 14204414354411662094

185784 GordonOverkill the Eclecticist (level 17, -3/172 HPs)
             Began as a Deep Dwarf Transmuter on Aug 2, 2021.
             Was the Champion of Makhleb.
             Killed from afar by a salamander mystic (11 damage)
             ... with a bolt of magma
             ... on level 4 of the Snake Pit on Aug 3, 2021.
             The game lasted 01:55:19 (27680 turns).

GordonOverkill the Eclecticist (DDTm)              Turns: 27680, Time: 01:55:20

Health: -3/172     AC: 24    Str: 22    XL:     17   Next: 82%
Magic:  0/0        EV:  5    Int: 15    God:    Makhleb [******]
Gold:   590        SH: 21    Dex: 22    Spells: 49/49 levels left

rFire    + + .     SeeInvis +   Z - +9 war axe (flame)
rCold    + + .     Faith    .   g - +2 tower shield {reflect}
rNeg     + . .     Spirit   .   r - +2 plate armour {rF+}
rPois    +         Reflect  +   W - +0 helmet {SInv}
rElec    .         Harm     .   Q - scarf {rC+ rF+}
rCorr    .         Rampage  +   l - +2 pair of gloves
Will     ++...                  c - +1 pair of boots
Stlth    ..........             D - amulet "Nunoggok" {RegenMP Rampage rC+ Dex+7}
HPRegen  0.00/turn              H - ring of poison resistance
MPRegen  0.32/turn              G - +4 ring of protection

@: hasted, very quick
A: damage resistance, heal wounds, negative energy resistance 1, sense
surroundings 2, no regeneration, thin skeletal structure 1, strong 1
a: Heal Wounds, Renounce Religion, Minor Destruction, Lesser Servant of Makhleb,
Major Destruction, Greater Servant of Makhleb


You were on level 4 of the Snake Pit.
You worshipped Makhleb.
Makhleb was exalted by your worship.
You visited 6 branches of the dungeon, and saw 31 of its levels.
You also visited: Ossuary, Ice Cave and Volcano.

You collected 2857 gold pieces.
You spent 2267 gold pieces at shops.

Inventory:

Hand Weapons
 a - a +1 war axe of venom
 b - a +1 hand axe of flaming
 Z - a +9 war axe of flaming (weapon)
Missiles
 B - 144 poisoned darts
 L - 3 throwing nets
 T - 3 curare-tipped darts (quivered)
Armour
 c - a +1 pair of boots (worn)
 g - a +2 tower shield of reflection (worn)
 l - a +2 pair of gloves (worn)
 r - a +2 plate armour of fire resistance (worn)
 Q - a scarf of resistance (worn)
 W - a +0 helmet of see invisible (worn)
Jewellery
 e - a ring of willpower
 h - a +6 ring of dexterity
 D - the amulet "Nunoggok" (around neck) {RegenMP Rampage rC+ Dex+7}
   (You bought it in a shop on level 2 of the Orcish Mines)

   [amulet of magic regeneration]

   It increases your rate of magic regeneration.
   Dex:       It affects your dexterity (+7).
   rC:        It protects you from cold.
   Rampage:   It bestows one free step when moving towards enemies.
 G - a +4 ring of protection (right hand)
 H - a ring of poison resistance (left hand)
Wands
 m - a wand of iceblast (16)
 n - a wand of mindburst (6)
 o - a wand of polymorph (17)
 p - a wand of flame (31)
 R - a wand of digging (10)
Scrolls
 d - 3 scrolls of magic mapping
 i - a scroll of summoning
 j - 7 scrolls of fog
 q - 2 scrolls of holy word
 s - a scroll of silence
 t - 4 scrolls of fear
 v - a scroll of enchant weapon
 x - 2 scrolls of amnesia
 y - 15 scrolls of teleportation
 z - 16 scrolls of identify
 I - 4 scrolls of vulnerability
 J - 3 scrolls of immolation
Potions
 f - 4 potions of cancellation
 k - 5 potions of lignification
 A - 4 potions of haste
 C - 5 potions of flight
 E - 3 potions of attraction
 F - a potion of magic
 O - 6 potions of brilliance
 V - 3 potions of mutation
 X - 3 potions of resistance
Miscellaneous
 u - a lightning rod (4/4)
 K - a phial of floods
 N - a box of beasts (inert)


   Skills:
 - Level 16.0 Fighting
 - Level 16.0 Axes
 - Level 2.0 Throwing
 - Level 5.0 Armour
 - Level 3.0 Dodging
 - Level 11.1 Shields
 - Level 2.6 Unarmed Combat
 + Level 16.8 Spellcasting
 - Level 1.7 Transmutations
 - Level 6.5 Invocations
 - Level 8.6 Evocations


You had 49 spell levels left.
You didn't know any spells.
Your spell library contained the following spells:

 Spells                   Type           Power      Damage    Failure   Level
 Beastly Appendage        Tmut           34%        N/A       96%         1
 Corona                   Hex            13%        N/A       99%         1
 Foxfire                  Conj/Fire      48%        2x1d6     99%         1
 Freeze                   Ice            48%        1d7       99%         1
 Magic Dart               Conj           48%        1d5       99%         1
 Sandblast                Erth           24%        2d8       99%         1
 Shock                    Conj/Air       48%        1d6       99%         1
 Summon Small Mammal      Summ           48%        N/A       99%         1
 Passwall                 Tmut/Erth      12%        N/A       99%         2
 Wereblood                Tmut           17%        N/A       99%         2
 Blink                    Tloc           N/A        N/A       100%        2
 Call Imp                 Summ           12%        N/A       100%        2
 Ensorcelled Hibernation  Hex/Ice        24%        N/A       100%        2
 Static Discharge         Conj/Air       12%        N/A       100%        2
 Sublimation of Blood     Necr           6%         N/A       100%        2
 Call Canine Familiar     Summ           12%        N/A       100%        3
 Conjure Flame            Conj/Fire      12%        6-21      100%        3
 Frozen Ramparts          Ice            24%        1d4       100%        3
 Ignite Poison            Fire/Tmut/Pois 14%        N/A       100%        3
 Inner Flame              Hex/Fire       12%        N/A       100%        3
 Lesser Beckoning         Tloc           6%         N/A       100%        3
 Mephitic Cloud           Conj/Pois/Air  12%        N/A       100%        3
 Spider Form              Tmut/Pois      7%         N/A       100%        3
 Stone Arrow              Conj/Erth      24%        3d8       100%        3
 Summon Guardian Golem    Hex/Summ       12%        N/A       100%        3
 Swiftness                Air            12%        N/A       100%        3
 Tukima's Dance           Hex            12%        N/A       100%        3
 Airstrike                Air            6%         N/A       100%        4
 Animate Armour           Summ/Erth      24%        N/A       100%        4
 Hailstorm                Conj/Ice       12%        3d5       100%        4
 Ice Form                 Ice/Tmut       15%        N/A       100%        4
 Petrify                  Tmut/Erth      15%        N/A       100%        4
 Sticky Flame             Conj/Fire      12%        2d4       100%        4
 Summon Lightning Spire   Summ/Air       12%        N/A       100%        4
 Irradiate                Conj/Tmut      7%         3d16      100%        5
 Lee's Rapid Deconstruct  Erth           6%         3d7*      100%        5
 Lightning Bolt           Conj/Air       6%         1d18      100%        5
 Manifold Assault         Tloc           12%        N/A       100%        5
 Summon Forest            Summ/Tloc      6%         N/A       100%        5
 Summon Mana Viper        Hex/Summ       12%        N/A       100%        5
 Invisibility             Hex            6%         N/A       100%        6
 Shadow Creatures         Summ           N/A        N/A       100%        6
 Simulacrum               Ice/Necr       6%         N/A       100%        6
 Summon Hydra             Summ           6%         N/A       100%        7
 Lehudib's Crystal Spear  Conj/Erth      6%         10d3      100%        8
 Maxwell's Capacitive Co  Air            6%         ∞         100%        8


Dungeon Overview and Level Annotations

Branches:
Dungeon (15/15)            Temple (1/1) D:5            Lair (6/6) D:10
  Swamp (3/4) Lair:2        Snake (4/4) Lair:3        Slime (0/5) Lair:6
    Orc (2/2) D:11            Elf (0/3) Orc:2        Vaults (0/5) D:13
 Depths (0/5) D:15        Ossuary (visited)           IceCv (visited)
Volcano (visited)

Altars:
Ashenzari
Dithmenos
Elyvilon
Fedhas
Gozag
Hepliaklqana
Kikubaaqudgha
Makhleb
Nemelex Xobeh
Okawaru
Qazlal
Ru
Sif Muna
Trog
Uskayaw
Vehumet
Wu Jian
Xom
Yredelemnul
Zin
The Shining One
Jiyva

Shops:
D:10 *(![(   Orc:1 *   Orc:2 =[[:   Snake:1 [

Portals:
Trove: D:14 (give +3 gold dragon scales)

Annotations:
D:14 3 runed translucent doors, Wopp's ghost, journeyman GrEE
Lair:1 1 runed translucent door, stripedtigrrr's ghost, journeyman OpFi
Lair:3 exclusion: 4 oklob plants
Lair:4 exclusion: 2 oklob plants


Innate Abilities, Weirdness & Mutations

You are resistant to damage.
You can heal yourself by infusing magical energy.
You resist negative energy. (rN+)
You passively map the area around you.
You do not regenerate.
You have a somewhat thin skeletal structure. (Dex +2, Stealth+)
Your muscles are strong. (Str +2)


Message History

Things that are here:
a +0 hand axe; a +0 robe
Things that are here:
a +0 dire flail; a +0 robe
Things that are here:
a +3 halberd; a salamander corpse
Things that are here:
a +0 whip; a naga corpse
Things that are here:
a +0 halberd; a naga corpse A salamander mystic comes into view.
It is wielding a +0 quarterstaff.
A salamander mystic is nearby!
A salamander mystic is nearby!
A salamander mystic is nearby!
A salamander mystic is nearby!
Unknown command.
You rampage towards the salamander mystic!
Found an escape hatch in the ceiling.
You rampage towards the salamander mystic!
A salamander comes into view. It is wielding a +0 halberd.
You slice the salamander mystic!!
The salamander mystic is moderately wounded.
You block the salamander's attack.
You hit the salamander mystic.
The salamander mystic is moderately wounded.
The salamander mystic gestures at you while chanting.
The lance of force hits you!!
* * * LOW HITPOINT WARNING * * *
You are knocked back by the lance of force.
You rampage towards the salamander mystic!
You rampage towards the salamander mystic!
You hit the salamander mystic but do no damage.
The salamander mystic is moderately wounded.
You slash the salamander mystic!
The salamander mystic is heavily wounded.
You rampage towards the salamander!
You closely miss the salamander. You slash the salamander mystic!
The salamander mystic gestures at you while chanting.
The bolt of magma hits you! You partially resist.
You die...

*** , **, , ## , * *
#######..#* *** ,
#####.......# *, ,
###.......@N.# ,*
##........N##...<.#*
,, , ##..........#
.#### ,,
##...........# #
#<.).)......## *
##..)).......# * * *
#...).).....## , ***
, #..........## * ,
, ** #........### *
, , ,


You could see a salamander mystic and a salamander.

Vanquished Creatures
  Jorgrun (Snake:1)
  Frances (Swamp:1)
  A frost giant (D:13)
  Aizul (Snake:3)
  A deep elf sorcerer (D:15)
  A stone giant (Orc:2)
  6 bunyips
  Snorg (Lair:6)
  2 fire dragons
  A shambling mangrove (Swamp:1)
  10 naga warriors
  14 hydras
  Erolcha (Orc:1)
  An ice dragon (D:13)
  4 centaur warriors
  2 ghost crabs (Swamp:2)
  3 ogre magi
  5 boulder beetles
  5 anacondas
  2 catoblepae
  A death knight (D:13)
  8 alligators
  A deep troll shaman (Lair:6)
  12 two-headed ogres
  2 tengu warriors (D:14)
  10 death yaks
  7 naga sharpshooters
  A hell knight (D:13)
  A spriggan berserker (Swamp:3)
  4 sun demons (Volcano)
  3 shock serpents (Snake:2)
  11 skeletal warriors
  2 goliath frogs (Swamp:1)
  A glowing orange brain (Snake:3)
  2 deep elf archers (D:15)
  2 deep trolls (Orc:2)
  2 lindwurms
  3 swamp dragons
  4 spriggan druids
  4 bog bodies
  A phantasmal warrior (D:13)
  9 mana vipers
  5 naga ritualists
  2 deep elf zephyrmancers (D:15)
  3 deep elf pyromancers
  2 orc sorcerers
  An orc knight (Orc:2)
  A necromancer (D:15)
  6 ugly things
  A faun (shapeshifter) (D:13)
  2 will-o-the-wisps
  12 salamanders
  5 cyclopes
  2 manticores
  A moth of wrath (shapeshifter) (D:13)
  A salamander (shapeshifter) (D:15)
  29 black mambas
  15 elephants
  A black mamba (shapeshifter) (D:13)
  3 ice statues (IceCv)
  A molten gargoyle (D:9)
  2 torpor snails
  Joseph (Lair:1)
  4 guardian serpents
  A smoke demon (Volcano)
  12 naga magi
  A gargoyle (D:11)
  12 cane toads
  An unseen horror (D:13)
  2 efreet (D:14)
  3 rime drakes
  Maggie (D:6)
  3 freezing wraiths
  2 entropy weaver simulacra (IceCv)
  2 yaktaurs (shapeshifter)
  2 ice devils (Lair:6)
  3 tengu conjurers
  6 komodo dragons
  3 meliai (D:15)
  2 polar bears
  A queen bee (Lair:3)
  6 tyrant leeches
  13 trolls
  A raiju (shapeshifter) (D:14)
  8 hornets
  5 slime creatures
  12 blink frogs
  3 centaur simulacra
  5 spriggans
  2 shadows
  14 wyverns
  3 wraiths
  44 yaks
  3 fire bats (Lair:5)
  11 steam dragons
  9 basilisks
  A death yak simulacrum (IceCv)
  6 vampire mosquitoes
  2 wargs (Orc:2)
  9 swamp worms
  3 acid dragons
  32 nagas
  16 water moccasins
  2 swamp drakes
  4 black bears
  17 orc warriors
  An ice beast (D:8)
  2 necrophages (D:4)
  31 ogres
  A black bear (shapeshifter) (D:14)
  25 wolves
  4 boggarts (D:14)
  3 centaurs
  8 kobold brigands
  4 gnoll sergeants
  10 bullfrogs
  2 scorpions
  An elephant simulacrum (IceCv)
  59 killer bees
  11 wights
  4 howler monkeys
  4 hounds (D:5)
  4 centaur zombies
  2 jellies
  10 orc priests
  2 centaur skeletons
  3 iguanas
  7 hell rats (Lair:6)
  11 orc wizards
  2 polar bear simulacra (IceCv)
  8 mummies (Ossuary)
  5 adders
  16 gnolls
  A shadow imp (D:7)
  3 white imps
  2 ufetubi (D:5)
  An adder skeleton (D:4)
  A worm (D:5)
  9 dart slugs
  49 orcs
  6 ball pythons
  9 bats
  8 endoplasms
  2 giant cockroaches
  3 gnoll zombies (Ossuary)
  6 goblins
  5 hobgoblins
  12 jackals
  12 kobolds
  A quokka (D:2)
  5 frilled lizards
  4 hobgoblin zombies (Ossuary)
  A kobold zombie (Ossuary)
  5 rats
927 creatures vanquished.

Vanquished Creatures (collateral kills)
  Urug (Lair:2)
  A skeletal warrior (D:12)
  A bog body (Swamp:1)
  A troll (D:13)
  2 yaks (D:7)
  A naga (Snake:3)
7 creatures vanquished.

Vanquished Creatures (others)
  A naga (Snake:1)
  A boggart (D:14)
  A killer bee (Lair:3)
  8 foxfires
  34 fungi
  89 plants
134 creatures vanquished.

Grand Total: 1068 creatures vanquished

Notes
Turn   | Place    | Note
-------+----------+-------------------------------------------
     0 | D:1      | GordonOverkill the Deep Dwarf Transmuter began the quest
                  | for the Orb.
     0 | D:1      | Reached XP level 1. HP: 16/16 MP: 3/3
     2 | D:1      | Found a radiant altar of Vehumet.
    10 | D:1      | Reached skill level 1 in Fighting
   165 | D:1      | Reached XP level 2. HP: 26/26 MP: 4/4
   559 | D:1      | Reached XP level 3. HP: 26/33 MP: 2/5
   884 | D:2      | Reached skill level 1 in Throwing
  1070 | D:2      | Reached XP level 4. HP: 42/42 MP: 6/6
  1403 | D:2      | Reached skill level 1 in Axes
  1693 | D:3      | Noticed an ogre
  1817 | D:3      | Killed an ogre
  1818 | D:3      | Reached XP level 5. HP: 49/49 MP: 7/7
  1857 | D:3      | Found a faded altar of an unknown god.
  2169 | D:4      | You fall into a shaft and drop 3 floors!
  2170 | D:7      | Noticed a centaur
  2178 | D:7      | Killed a centaur
  2179 | D:7      | Reached XP level 6. HP: 44/57 MP: 8/8
  2193 | D:7      | Noticed a yak
  2193 | D:7      | Noticed a yak
  2193 | D:7      | Noticed a yak
  2206 | D:7      | Noticed a yak
  2208 | D:7      | Noticed a yak
  2209 | D:7      | Noticed a yak
  2209 | D:7      | Killed a yak
  2220 | D:7      | Killed a yak
  2223 | D:7      | Killed a yak
  2224 | D:7      | Reached skill level 5 in Fighting
  2224 | D:7      | Reached XP level 7. HP: 62/67 MP: 9/9
  2232 | D:7      | Killed a yak
  2233 | D:7      | Reached skill level 5 in Axes
  2237 | D:7      | Killed a yak
  2239 | D:7      | Killed a yak
  2292 | D:7      | Reached XP level 8. HP: 60/76 MP: 10/10
  2803 | D:6      | Reached skill level 1 in Armour
  2896 | D:6      | Noticed Maggie
  3074 | D:5      | Entered Level 5 of the Dungeon
  3155 | D:5      | Gained mutation: You passively map the area around you.
                  | [Deep Dwarf growth]
  3155 | D:5      | Reached XP level 9. HP: 61/72 MP: 9/9
  3325 | D:5      | Found a sand-covered staircase.
  3334 | Ossuary  | Entered an ossuary
  3780 | D:5      | Found a staircase to the Ecumenical Temple.
  3848 | Temple   | Entered the Ecumenical Temple
  3910 | Temple   | Became a worshipper of Makhleb the Destroyer
  4361 | D:4      | Identified the ring of Hiogeeze {Will+ Str-2 Int+4}
  4399 | D:4      | Reached skill level 1 in Invocations
  4625 | D:4      | Reached skill level 5 in Armour
  4673 | D:4      | Found a basalt altar of Yredelemnul.
  4678 | D:4      | Found a stormy altar of Qazlal.
  4678 | D:4      | Found a shadowy altar of Dithmenos.
  4691 | D:4      | Found a glowing silver altar of Zin.
  4695 | D:4      | Found an ornate altar of the Wu Jian Council.
  4886 | D:6      | Killed Maggie
  5829 | D:7      | Found an ancient bone altar of Kikubaaqudgha.
  5836 | D:7      | Found a bloodstained altar of Trog.
  5885 | D:7      | Reached XP level 10. HP: 80/98 MP: 10/10
  6001 | D:8      | Reached skill level 5 in Invocations
  6070 | D:8      | Reached * piety under Makhleb
  6116 | D:8      | Reached skill level 10 in Axes
  6339 | D:8      | Got the Papyrus of Creative Translocation
  7196 | D:9      | Noticed a molten gargoyle
  7409 | D:9      | Reached ** piety under Makhleb
  7960 | D:9      | Noticed a molten gargoyle
  7999 | D:10     | Entered Level 10 of the Dungeon
  8128 | D:10     | Reached skill level 10 in Fighting
  8158 | D:10     | Found Uliuru Ykyn's Weapon Shoppe.
  8159 | D:10     | Found Taplono's Armour Shoppe.
  8163 | D:10     | Found Feck's Weapon Shoppe.
  8163 | D:10     | Found Maonista's Distillery.
  8200 | D:10     | Bought a potion of haste for 130 gold pieces
  8200 | D:10     | Bought a potion of resistance for 130 gold pieces
  8200 | D:10     | Bought a potion of might for 52 gold pieces
  8200 | D:10     | Bought a potion of curing for 39 gold pieces
  8252 | D:10     | Found Kuishiur's Gadget Gallery.
  8257 | D:10     | Noticed an ogre mage
  8268 | D:10     | Noticed a two-headed ogre
  8491 | D:10     | Reached XP level 11. HP: 105/110 MP: 7/7
  8922 | D:10     | Identified a scroll of acquirement
  8922 | D:10     | Acquired a manual of Fighting
  9005 | D:10     | Reached skill level 1 in Shields
  9055 | D:10     | Reached skill level 1 in Evocations
  9076 | D:10     | Found a staircase to the Lair.
  9121 | D:10     | Gained mutation: You have a somewhat thin skeletal
                  | structure. (Dex +2, Stealth+) [potion of mutation]
  9121 | D:10     | Gained mutation: You sometimes lose the ability to read
                  | scrolls when taking damage. [potion of mutation]
  9121 | D:10     | Gained mutation: Your flesh is cold resistant. (rC+)
                  | [potion of mutation]
  9122 | D:10     | Lost mutation: You sometimes lose the ability to read
                  | scrolls when taking damage. [potion of mutation]
  9122 | D:10     | Lost mutation: Your flesh is cold resistant. (rC+) [potion
                  | of mutation]
  9122 | D:10     | Gained mutation: Your muscles are strong. (Str +2) [potion
                  | of mutation]
  9136 | D:10     | Reached *** piety under Makhleb
  9426 | D:10     | Killed a two-headed ogre
  9457 | D:10     | Killed an ogre mage
  9909 | D:11     | Noticed a two-headed ogre
  9920 | D:11     | Killed a two-headed ogre
  9932 | D:11     | Noticed a cyan ugly thing
  9940 | D:11     | Killed a cyan ugly thing
 10000 | D:11     | Found a staircase to the Orcish Mines.
 10029 | D:11     | Reached skill level 5 in Evocations
 10059 | D:11     | Reached **** piety under Makhleb
 10245 | Lair:1   | Entered Level 1 of the Lair of Beasts
 10363 | Lair:1   | Noticed Joseph
 10374 | Lair:1   | Killed Joseph
 10375 | Lair:1   | Reached XP level 12. HP: 95/121 MP: 8/8
 10471 | Lair:1   | Reached skill level 5 in Shields
 10753 | Lair:1   | Found a runed translucent door.
 10753 | Lair:1   | Noticed stripedtigrrr's ghost (journeyman OpFi)
 11240 | Lair:2   | Found a staircase to the Swamp.
 11394 | Lair:2   | Reached skill level 5 in Spellcasting
 11595 | Lair:2   | Noticed a catoblepas
 11605 | Lair:2   | Killed a catoblepas
 11619 | Lair:2   | Noticed Urug
 11626 | Lair:2   | Killed Urug
 12325 | Lair:3   | Reached ***** piety under Makhleb
 12678 | Lair:3   | Found a staircase to the Snake Pit.
 12684 | Lair:3   | Noticed a six-headed hydra
 12719 | Lair:2   | Killed a one-headed hydra
 12744 | Lair:3   | Reached XP level 13. HP: 77/133 MP: 5/5
 14064 | Lair:4   | Reached skill level 15 in Fighting
 14352 | Lair:5   | Reached skill level 15 in Axes
 14361 | Lair:5   | Found a dark tunnel.
 14370 | Volcano  | Entered a volcano
 14511 | Volcano  | Noticed a fire dragon
 14523 | Volcano  | Killed a fire dragon
 14524 | Volcano  | Gained mutation: You resist negative energy. (rN+) [Deep
                  | Dwarf growth]
 14524 | Volcano  | Reached XP level 14. HP: 112/147 MP: 5/5
 15298 | Lair:6   | Entered Level 6 of the Lair of Beasts
 15420 | Lair:6   | Found a frozen archway.
 15456 | IceCv    | Entered an ice cave
 16320 | Lair:6   | Reached ****** piety under Makhleb
 16388 | Lair:6   | Noticed Snorg
 16411 | Lair:6   | Killed Snorg
 17134 | Lair:6   | Found a viscous altar of Jiyva.
 17134 | Lair:6   | Found a staircase to the Slime Pits.
 17218 | Lair:6   | Reached skill level 10 in Spellcasting
 18216 | D:11     | Reached XP level 15. HP: 103/154 MP: 5/5
 18487 | D:12     | Found a hazy altar of Hepliaklqana.
 18581 | D:15     | Entered Level 15 of the Dungeon
 18698 | D:13     | Noticed a frost giant
 18762 | D:13     | Found a gate to the Vaults.
 18984 | D:13     | Killed a frost giant
 19718 | Orc:1    | Entered Level 1 of the Orcish Mines
 19729 | Orc:1    | Found Azajen's Assorted Antiques.
 19737 | Orc:1    | Bought a potion of haste for 260 gold pieces
 19737 | Orc:1    | Bought a scroll of enchant weapon for 195 gold pieces
 19737 | Orc:1    | Bought a potion of heal wounds for 130 gold pieces
 19737 | Orc:1    | Bought a shiny helmet for 195 gold pieces
 19913 | Orc:1    | Noticed Erolcha
 19920 | Orc:1    | Killed Erolcha
 20025 | Orc:2    | Entered Level 2 of the Orcish Mines
 20266 | Orc:2    | Found a staircase to the Elven Halls.
 20663 | Orc:2    | Found Qastugaqei's Antique Armour Boutique.
 20667 | Orc:2    | Found Imybier's Book Shop.
 20672 | Orc:2    | Found Fiula's Armour Emporium.
 20698 | Orc:2    | Found Zesenyun's Jewellery Shop.
 20706 | Orc:2    | Bought the amulet "Nunoggok" {RegenMP Rampage rC+ Dex+7}
                  | for 704 gold pieces
 20706 | Orc:2    | Bought a +4 ring of protection for 432 gold pieces
 21283 | D:14     | Reached XP level 16. HP: 98/165 MP: 3/3
 21378 | D:14     | Found a runed translucent gate.
 21378 | D:14     | Found a runed translucent gate.
 21380 | D:14     | Found a runed translucent gate.
 21455 | D:14     | Found a portal to a secret trove of treasure.
 21459 | D:14     | Identified the +1 leather armour "Meeqaneff" {+Inv Int+5}
 21535 | D:14     | Noticed Wopp's ghost (journeyman GrEE)
 21919 | D:15     | Found an iron altar of Okawaru.
 22412 | D:15     | Found a staircase to the Depths.
 22651 | Swamp:1  | Entered Level 1 of the Swamp
 23277 | Swamp:1  | Noticed Frances
 23292 | Swamp:1  | Killed Frances
 23581 | Swamp:2  | Reached skill level 15 in Spellcasting
 23683 | Swamp:2  | Found an iron altar of Okawaru.
 24256 | Swamp:3  | Reached skill level 10 in Shields
 24763 | Snake:1  | Entered Level 1 of the Snake Pit
 24921 | Snake:1  | Reached XP level 17. HP: 74/172 MP: 2/2
 25143 | Snake:1  | Found Neripar's Specialty Armours.
 25425 | Snake:1  | Noticed Jorgrun
 25438 | Snake:1  | Killed Jorgrun
 26687 | Snake:3  | Noticed Aizul
 27056 | Snake:3  | Killed Aizul
 27599 | Snake:4  | Entered Level 4 of the Snake Pit
 27676 | Snake:4  | HP: 8/172 [salamander mystic/lance of force (14)]
 27680 | Snake:4  | Killed from afar by a salamander mystic

Illustrated notes

Levels and vault maps discovered:
D:1:      sevenhm_arrival_forest_fort_small_6, layout_basic, minmay_pentomino_z4
D:2:      layout_loops_ring, chequers_serial_rivers_micro_b,
          wander_ebering_terrifying_dragon_lair
D:3:      layout_rooms, ebering_ecumenical_altar_mist
D:4:      layout_basic, minmay_overflow_temple_star_hex
D:5:      layout_basic, temple_statues, lightli_ossuary_entry_decrepit_ruins,
          kennysheep_generic_room_11
D:6:      layout_basic, st_stairs_7, uniq_maggie
D:7:      layout_loops_ring, minitemple
D:8:      layout_layer_cave
D:9:      layout_cave_pods, statue_in_the_mist_lemuel, minivault_8
D:10:     layout_basic, minmay_lair_entry_grove, minmay_shop_grid_forest,
          nicolae_shop_gadgets
D:11:     layout_rooms, kennysheep_orc_monster_closet_entryway
D:12:     layout_basic, dk_noncrumbling_3, nzn_hepliaklqana_mist_gate
D:13:     minmay_the_grid_plus [minmay_the_grid_eight,
          minmay_the_grid_pillar_ring, minmay_the_grid_expand,
          minmay_the_grid_empty, minmay_the_grid_prize_big_room],
          layout_small_grid, minmay_three_doors
D:14:     layout_basic, nicolae_trove_entry_free_sample,
          gammafunk_ghost_necromancy, serial_park_avenue1
D:15:     grunt_enter_depths_magical_seal, layout_rooms,
          okawaru_ov_weapons_minmay
Temple:   regret_index_temple_waves
Lair:1:   layout_cellular_growth, ebering_ghost_inner_flame,
          nicolae_lair_grove_arrangements, uniq_joseph
Lair:2:   layout_cave_pods, skrybe_swamp_entry_bodies, uniq_urug
Lair:3:   hangedman_what_comes_after_a, layout_gridlike,
          minmay_snake_entry_guardpost_small, patterned_corridor
Lair:4:   layout_loops_ring, minmay_shattered_shrine, minmay_lair_oklob_chamber,
          infiniplex_staircase_pool_2
Lair:5:   layout_long_grid, nicolae_volcano_entry_batcave
Lair:6:   grunt_lair_end_beastmaster, layout_cave_pods,
          dpeg_slime_entry_enclosed_altar, portal_ice_cave_demonic_guard,
          hangedman_lair_unloving_vines, guppyfry_lair_drakes,
          grunt_megastairs_3, uniq_snorg
Swamp:1:  layout_basic_swamp, evilmike_swamp_ruin_house_5, uniq_frances
Swamp:2:  layout_falls_marsh, lemuel_altar_in_water
Swamp:3:  layout_basic_swamp, nicolae_swamp_little_tower, swamp_pool1
Snake:1:  layout_gridlike, nicolae_barding_shop, uniq_jorgrun
Snake:2:  layout_grid_maze
Snake:3:  layout_onion, nicolae_snake_gridmaze_big_u, grunt_ministairs_4,
          uniq_aizul
Snake:4:  grunt_snake_rune_spirals, layout_onion_interference, serial_shops,
          shop
Orc:1:    layout_caves, serial_shops, shop, uniq_erolcha
Orc:2:    st_orc_open, layout_caves

Skill      XL: |  1  2  3  4  5  6  7  8  9 10 11 12 13 14 15 16 17 |
---------------+----------------------------------------------------+-----
Fighting       | 1 2 3 4 5 6 7 8 10 11 13 15 16 | 16.0
Throwing       | 1 2 |  2.0
Axes           | 2 3 4 6 8 9 11 12 13 15 16 | 16.0
Armour         | 3 5 |  5.0
Invocations    | 4 5 6 |  6.5
Spellcasting   | 4 5 7 11 13 15 16 | 16.8
Shields        | 4 7 8 9 10 11 | 11.1
Evocations     | 5 6 7 8 |  8.6
Dodging        | 3 |  3.0
Unarmed Combat | |  2.6
Transmutations | |  1.7

Action                   |  1- 3 |  4- 6 |  7- 9 | 10-12 | 13-15 | 16-18 || total
-------------------------+-------+-------+-------+-------+-------+-------++-------
Melee: Unarmed           |   100 |       |       |       |       |       ||   100
       Kick              |    13 |       |       |       |       |       ||    13
       Headbutt          |     4 |       |       |       |       |       ||     4
       Punch             |     2 |       |     4 |     3 |       |       ||     9
       Hand axe          |    20 |    60 |   222 |     8 |    73 |    21 ||   404
       Spear             |     5 |       |       |       |       |       ||     5
       War axe           |       |       |   178 |   820 |  1253 |   873 ||  3124
       Whip              |       |       |       |       |    28 |    28 ||    56
Throw: Dart              |       |     9 |    17 |    31 |    61 |    19 ||   137
 Cast: Beastly Appendage |    10 |       |       |       |       |       ||    10
Invok: Lesser Servant of |       |       |       |     2 |       |       ||     2
 Abil: Heal Wounds       |     1 |     2 |    22 |    65 |    52 |    13 ||   155
Evoke: Wand              |       |       |     8 |    13 |    79 |    31 ||   131
       Lightning rod     |       |       |       |       |     8 |     5 ||    13
       Box of beasts     |       |       |       |       |     2 |     3 ||     5
       Phial of floods   |       |       |       |       |       |     1 ||     1
  Use: Scroll            |     3 |     5 |     5 |    17 |    15 |     3 ||    48
       Potion            |       |       |     2 |     6 |     5 |    39 ||    52
 Stab: Sleeping          |       |     2 |       |       |       |       ||     2
       Distracted        |       |     1 |       |       |     2 |     2 ||     5
       Invisible         |       |       |       |       |     3 |    12 ||    15
       Paralysed         |       |       |       |       |    19 |     2 ||    21
       Petrified         |       |       |       |       |    18 |       ||    18
       Petrifying        |       |       |       |       |     1 |       ||     1
Armor: Leather armour    |    33 |    20 |     5 |       |       |       ||    58
       Plate armour      |       |       |   245 |   628 |   446 |   344 ||  1663
Dodge: Dodged            |    83 |    58 |   142 |   284 |   210 |   112 ||   889
Block: Kite shield       |       |       |       |   572 |   996 |   143 ||  1711
       Reflection        |       |       |       |     1 |    18 |    62 ||    81
       Tower shield      |       |       |       |       |       |   580 ||   580
